 Dungeon Crawl Stone Soup version 0.27.0-1-g7a089689b8 (webtiles) character file.

Game seed: 17508717399805807123

78 butteredtoast the Caller (level 4, -2/24 HPs)
             Began as a Deep Elf Summoner on Aug 4, 2021.
             Slain by a gnoll (5 damage)
             ... on level 3 of the Dungeon.
             The game lasted 00:08:57 (3051 turns).

butteredtoast the Caller (Deep Elf Summoner)        Turns: 3051, Time: 00:08:59

Health: -2/24      AC:  2    Str:  5    XL:     4   Next: 15%
Magic:  9/12       EV: 12    Int: 21    God:
Gold:   178        SH:  3    Dex: 15    Spells: 7/11 levels left

rFire    . . .     SeeInvis .   d - +0 dagger
rCold    . . .     Faith    .   g - +0 buckler
rNeg     . . .     Spirit   .   a - +0 robe
rPois    .         Reflect  .   (no helmet)
rElec    .         Harm     .   (no cloak)
rCorr    .         Rampage  .   (no gloves)
Will     .....                  (no boots)
Stlth    ++........             (no amulet)
HPRegen  0.08/turn              (no ring)
MPRegen  0.13/turn              (no ring)

@: no status effects
A: no striking features
a: no special abilities


You were on level 3 of the Dungeon.
You visited 1 branch of the dungeon, and saw 3 of its levels.

You collected 178 gold pieces.

Inventory:

Hand Weapons
 d - a +0 dagger (weapon)
Armour
 a - a +0 robe (worn)
 g - a +0 buckler (worn)
Wands
 f - a wand of digging (5)
Scrolls
 b - 4 scrolls of identify {unknown}
 e - 2 scrolls of fog {unknown}
Potions
 c - a potion of heal wounds {unknown}


   Skills:
 - Level 2.4 Dodging
 - Level 2.4 Stealth
 + Level 0.3 Shields
 + Level 4.2 Spellcasting
 * Level 5.6 Summonings


You had 7 spell levels left.
You knew the following spells:

 Your Spells              Type           Power      Damage    Failure   Level
a - Summon Small Mammal   Summ           100%       N/A       1%          1
b - Call Canine Familiar  Summ           28%        N/A       5%          3

Your spell library contained the following spells:

 Spells                   Type           Power      Damage    Failure   Level
 Call Imp                 Summ           28%        N/A       2%          2
 Summon Guardian Golem    Hex/Summ       16%        N/A       17%         3
 Summon Lightning Spire   Summ/Air       16%        N/A       50%         4


Dungeon Overview and Level Annotations

Branches:
Dungeon (3/15)

Altars:


Message History

2 gnolls come into view.
The gnoll shouts! x2; You hear a shout!
The gnoll throws a throwing net.
The throwing net misses you.
A rat comes into view.
Found a robe.
A rat comes into view.
You swap places.
A gnoll comes into view. It is wielding a +0 flail.
Casting: Call Canine Familiar (quite dangerous; 5% risk of failure)
Confirm with . or Enter, or press ? or * to list all spells.
You block the rat's attack. The gnoll barely misses you.
Your hound barely misses the rat.
Your bat hits the rat.
Your bat barely misses the rat.
Your hound barely misses the rat.
The gnoll hits you from afar with a +0 spear!
The rat barely misses your bat.
Casting: Summon Small Mammal (safe; 1% risk of failure)
Confirm with . or Enter, or press ? or * to list all spells.
Your hound closely misses the rat.
Your bat closely misses the rat.
The gnoll closely misses you. The rat barely misses you.
The gnoll hits you from afar with a +0 spear.
Your hound bites the rat.
The rat dies!
The gnoll hits you from afar with a +0 spear.
* * * LOW HITPOINT WARNING * * *
You block the gnoll's attack.
Casting: Summon Small Mammal (safe; 1% risk of failure)
Confirm with . or Enter, or press ? or * to list all spells.
Your hound bites the gnoll but does no damage.
The gnoll misses your hound. The gnoll closely misses you.
The rat misses your hound.
Your hound bites the gnoll but does no damage.
Your bat hits the gnoll but does no damage. x2
The gnoll hits you from afar with a +0 spear.
* * * LOW HITPOINT WARNING * * *
Your bat closely misses the gnoll.
Your quokka bites the gnoll but does no damage.
Your hound bites the gnoll.
The gnoll hits you from afar with a +0 spear.
You die...

#........#
..#.#####..#####
#...#####......#
#.)....#.####.#####
#......#<.........#
#..g...#.####.###.#
#.rgbg.#......# #.#
#..hr..##########.#
#.r.@......#.....#
#...(#####.#...###
..........#.....#.###
.[...#.###.#.#.#.#.#.#
.....#. .#...#.#...#
.... .. #####.###.#
... ##. #.# #.# ... #.
#.###.# #.....#


You could see 3 gnolls, a rat, a friendly hound (summoned), a friendly quokka
(summoned), a friendly bat (summoned) and a friendly rat (summoned).

Vanquished Creatures
  Natasha (D:2)
  2 ball pythons
  2 bats
  4 endoplasms (D:1)
  A goblin (D:1)
  A hobgoblin (D:1)
  4 frilled lizards (D:1)
  A kobold (D:2)
  6 rats (D:1)
22 creatures vanquished.

Vanquished Creatures (collateral kills)
  Natasha (D:2)
  An adder (D:2)
  A dart slug (D:1)
  4 ball pythons
  5 endoplasms
  A giant cockroach (D:1)
  A goblin (D:2)
  5 jackals (D:2)
  3 kobolds (D:1)
  A quokka (D:2)
  3 frilled lizards (D:1)
  3 rats
29 creatures vanquished.

Vanquished Creatures (others)
  33 plants (D:3)
33 creatures vanquished.

Grand Total: 84 creatures vanquished

Notes
Turn   | Place    | Note
-------+----------+-------------------------------------------
     0 | D:1      | butteredtoast the Deep Elf Summoner began the quest for the
                  | Orb.
     0 | D:1      | Reached XP level 1. HP: 10/10 MP: 6/6
   183 | D:1      | Reached XP level 2. HP: 15/15 MP: 8/8
   705 | D:1      | Reached skill level 5 in Summonings
   794 | D:1      | You fall into a shaft and drop 1 floor!
  1029 | D:2      | Reached XP level 3. HP: 17/19 MP: 6/10
  1474 | D:1      | Found a faded altar of an unknown god.
  1813 | D:2      | Noticed Natasha
  1866 | D:2      | Killed Natasha
  2257 | D:2      | Learned a level 3 spell: Call Canine Familiar
  2570 | D:2      | Noticed Natasha
  2579 | D:2      | Killed Natasha
  2580 | D:2      | Reached XP level 4. HP: 7/24 MP: 12/12
  3051 | D:3      | Slain by a gnoll

Illustrated notes

Levels and vault maps discovered:
D:1:      co_arrival_square_in_a_square_in_a_square, layout_loops_ring,
          ebering_ecumenical_altar_mist
D:2:      layout_basic, kennysheep_cluttered_room, uniq_natasha
D:3:      wad_woods_stonehenge, layout_basic, grunt_dithmenos_smoke_and_mirrors,
          lemuel_round_altar, serial_shops, shop_statue

Skill      XL: |  1  2  3 |
---------------+----------+-----
Summonings     | 5 |  5.6
Spellcasting   | 4 |  4.2
Dodging        | |  2.4
Stealth        | |  2.4
Shields        | |  0.3

Action                   |  1- 3 |  4- 6 || total
-------------------------+-------+-------++-------
Melee: Dagger            |    66 |     7 ||    73
       Unarmed           |     2 |       ||     2
 Cast: Summon Small Mamm |    52 |     5 ||    57
       Call Canine Famil |     4 |     1 ||     5
 Stab: Sleeping          |     8 |     1 ||     9
       Distracted        |     2 |       ||     2
Armor: Robe              |    19 |     3 ||    22
Dodge: Dodged            |    59 |    13 ||    72
Block: Buckler           |     1 |     6 ||     7
